2626 views
Uploaded 2020-02-29 15:35:04
Game version 1.32.2
46:30 long 1on1 ladder game on (2)Amazonia
Saved by BEARAND
2626 views
Uploaded 2020-02-29 15:35:04
Game version 1.32.2
46:30 long 1on1 ladder game on (2)Amazonia

/ 1.8k
34 buildings @ 5.5k
/ 2.5k



| Wisp | 43 | 2580 | / | 0 |
| Archer | 8 | 1040 | / | 80 |
| Hippogryph | 7 | 1120 | / | 140 |
| Chimaera | 6 | 1980 | / | 420 |
| Glaive Thrower | 7 | 1470 | / | 455 |
| Mountain Giant | 7 | 2450 | / | 700 |
| total: | 78 | 10640g | / | 1795w |
| Ancient Protector | 14 | 1890 | / | 1120 |
| Moon Well | 12 | 2160 | / | 480 |
| Altar of Elders | 1 | 180 | / | 50 |
| Hunter's Hall | 1 | 210 | / | 100 |
| Ancient of War | 1 | 150 | / | 60 |
| Tree of Life | 1 | 340 | / | 185 |
| Ancient of Wonders | 1 | 90 | / | 30 |
| Ancient of Wind | 1 | 150 | / | 140 |
| Ancient of Lore | 1 | 155 | / | 145 |
| Chimaera Roost | 1 | 140 | / | 190 |
| Tree of Ages | 1 | 320 | / | 180 |
| Tree of Eternity | 1 | 330 | / | 200 |
| total: | 34 | 5465g | / | 2500w |
| 0:06 | Wisp |
| 0:06 | Wisp |
| 0:07 | Wisp |
| 0:07 | Wisp |
| 0:07 | Wisp |
| 0:07 | Wisp |
| 0:07 | Wisp |
| 0:25 | Moon Well |
| 0:39 | Altar of Elders |
| 0:56 | Moon Well |
| 1:07 | Wisp |
| 1:08 | Wisp |
| 1:11 | Wisp |
| 1:50 | Hunter's Hall |
| 2:06 | Moon Well |
| 2:09 | Wisp |
| 2:10 | Wisp |
| 2:11 | Wisp |
| 2:37 | Ancient of War |
| 2:47 | Immolation |
| 2:52 | Strength of the Moon |
| 2:57 | Ancient Protector |
| 3:49 | Evasion |
| 3:52 | Archer |
| 3:55 | Tree of Ages |
| 3:57 | Moon Armor |
| 4:08 | Moon Well |
| 4:22 | Archer |
| 4:46 | Archer |
| 5:11 | Reinforced Hides |
| 5:20 | Moon Well |
| 5:50 | Archer |
| 6:16 | Improved Strength of the Moon |
| 6:24 | Ancient of Wind |
| 6:29 | Improved Bows |
| 7:11 | Nature's Blessing |
| 7:45 | Hippogryph |
| 7:46 | Improved Moon Armor |
| 7:55 | Moon Well |
| 8:01 | Hippogryph |
| 8:31 | Tree of Eternity |
| 8:39 | Strength of the Wild |
| 9:02 | Hippogryph |
| 9:13 | Hippogryph |
| 9:32 | Ancient Protector |
| 9:52 | Improved Reinforced Hides |
| 10:11 | Trueshot Aura |
| 10:44 | Archer |
| 10:55 | Hippogryph |
| 11:03 | Marksmanship |
| 11:19 | Improved Strength of the Wild |
| 12:02 | Immolation |
| 12:13 | Hippogryph |
| 12:15 | Archer |
| 12:23 | Tree of Life |
| 12:26 | Searing Arrows |
| 12:29 | Thorns Aura |
| 12:46 | Advanced Strength of the Moon |
| 13:03 | Wisp |
| 13:54 | Archer |
| 14:02 | Moon Well |
| 14:14 | Chimaera Roost |
| 14:36 | Advanced Strength of the Wild |
| 14:56 | Wisp |
| 14:57 | Wisp |
| 14:57 | Wisp |
| 14:57 | Wisp |
| 14:57 | Wisp |
| 16:00 | Entangling Roots |
| 16:11 | Corrosive Breath |
| 16:14 | Advanced Reinforced Hides |
| 16:22 | Ancient Protector |
| 16:26 | Moon Well |
| 17:36 | Hippogryph |
| 17:38 | Archer |
| 17:40 | Chimaera |
| 17:47 | Moon Well |
| 18:04 | Advanced Moon Armor |
| 18:14 | Trueshot Aura |
| 18:34 | Chimaera |
| 18:43 | Moon Well |
| 20:11 | Well Spring |
| 20:24 | Moon Well |
| 20:36 | Chimaera |
| 20:44 | Vorpal Blades |
| 21:00 | Wisp |
| 21:00 | Wisp |
| 21:10 | Ancient Protector |
| 21:38 | Ancient Protector |
| 21:48 | Glaive Thrower |
| 21:48 | Glaive Thrower |
| 21:49 | Glaive Thrower |
| 21:49 | Glaive Thrower |
| 21:49 | Glaive Thrower |
| 21:49 | Glaive Thrower |
| 21:49 | Glaive Thrower |
| 22:34 | Ultravision |
| 23:19 | Wisp |
| 23:19 | Wisp |
| 23:19 | Wisp |
| 23:19 | Wisp |
| 23:19 | Wisp |
| 23:28 | Moon Well |
| 24:02 | Ancient Protector |
| 24:08 | Ancient Protector |
| 24:14 | Ancient Protector |
| 24:20 | Ancient Protector |
| 24:24 | Wisp |
| 24:24 | Wisp |
| 24:24 | Wisp |
| 24:24 | Wisp |
| 24:24 | Wisp |
| 25:07 | Wisp |
| 25:07 | Wisp |
| 25:15 | Wisp |
| 25:15 | Wisp |
| 25:15 | Wisp |
| 26:50 | Wisp |
| 26:50 | Wisp |
| 26:50 | Wisp |
| 26:51 | Wisp |
| 26:59 | Ancient Protector |
| 29:44 | Ancient of Lore |
| 29:47 | Chimaera |
| 29:47 | Chimaera |
| 29:47 | Chimaera |
| 30:27 | Ancient Protector |
| 30:33 | Ancient Protector |
| 30:58 | Ancient Protector |
| 31:04 | Ancient Protector |
| 32:07 | Ancient of Wonders |
| 32:38 | Evasion |
| 34:22 | Resistant Skin |
| 35:44 | Hardened Skin |
| 36:27 | Mountain Giant |
| 36:31 | Mountain Giant |
| 37:12 | Wisp |
| 37:12 | Wisp |
| 37:12 | Wisp |
| 37:31 | Mountain Giant |
| 38:34 | Mountain Giant |
| 41:25 | Mountain Giant |
| 42:25 | Mountain Giant |
| 42:32 | Mountain Giant |
| Right click | 466 |
| Select | 365 |
| Select group | 140 |
| Build/train/purchase | 130 |
| Assign group | 26 |
| Use ability | 14 |
| Misc. action | 3 |
| Remove unit | 3 |
29 units @ 4k
/ 0.5k
126 buildings @ 5.3k
/ 3k


| Scroll of Regeneration | 2 | 200 |
| Potion of Healing | 6 | 900 |
| Lesser Clarity Potion | 3 | 210 |
| Staff of Sanctuary | 2 | 500 |
| Staff of Teleportation | 3 | 450 |
| Boots of Speed | 3 | 750 |
| total: | 19 | 3010g |
| Peasant | 14 | 1050 | / | 0 |
| Priest | 2 | 270 | / | 20 |
| Dragonhawk Rider | 11 | 2200 | / | 330 |
| Sorceress | 1 | 155 | / | 20 |
| Goblin Shredder | 1 | 375 | / | 100 |
| total: | 29 | 4050g | / | 470w |
| Scout Tower | 112 | 3360 | / | 2240 |
| Arcane Tower | 12 | 840 | / | 600 |
| Guard Tower | 51 | 3570 | / | 2550 |
| Farm | 5 | 400 | / | 100 |
| Lumber Mill | 2 | 240 | / | 0 |
| Altar of Kings | 1 | 180 | / | 50 |
| Arcane Vault | 1 | 130 | / | 30 |
| Blacksmith | 1 | 140 | / | 60 |
| Barracks | 1 | 160 | / | 60 |
| Town Hall | 1 | 385 | / | 205 |
| Arcane Sanctum | 1 | 150 | / | 140 |
| Gryphon Aviary | 1 | 140 | / | 150 |
| Keep | 1 | 320 | / | 210 |
| Castle | 1 | 360 | / | 210 |
| total: | 126 | 5285g | / | 3035w |
| 0:02 | Peasant |
| 0:02 | Peasant |
| 0:08 | Peasant |
| 0:20 | Farm |
| 0:34 | Lumber Mill |
| 0:34 | Lumber Mill |
| 0:46 | Peasant |
| 0:52 | Altar of Kings |
| 0:54 | Peasant |
| 1:09 | Arcane Vault |
| 1:11 | Farm |
| 1:13 | Peasant |
| 1:22 | Peasant |
| 1:25 | Peasant |
| 1:34 | Scout Tower |
| 1:37 | Peasant |
| 1:49 | Peasant |
| 1:50 | Peasant |
| 1:51 | Scout Tower |
| 2:02 | Arcane Tower |
| 2:03 | Peasant |
| 2:14 | Peasant |
| 2:18 | Scout Tower |
| 2:25 | Chemical Rage |
| 2:59 | Peasant |
| 3:00 | Guard Tower |
| 3:01 | Scout Tower |
| 3:03 | Scout Tower |
| 3:03 | Guard Tower |
| 3:37 | Acid Bomb |
| 3:46 | Keep |
| 3:52 | Farm |
| 3:52 | Farm |
| 3:57 | Guard Tower |
| 4:01 | Scout Tower |
| 4:04 | Staff of Teleportation |
| 4:04 | Boots of Speed |
| 4:08 | Boots of Speed |
| 4:36 | Guard Tower |
| 4:37 | Scout Tower |
| 4:37 | Scout Tower |
| 5:04 | Guard Tower |
| 5:06 | Improved Masonry |
| 5:24 | Scout Tower |
| 5:25 | Scout Tower |
| 5:26 | Scout Tower |
| 5:28 | Chemical Rage |
| 5:34 | Guard Tower |
| 5:41 | Scroll of Regeneration |
| 5:52 | Scout Tower |
| 5:54 | Scout Tower |
| 5:54 | Scout Tower |
| 5:55 | Scout Tower |
| 5:55 | Scout Tower |
| 5:57 | Arcane Tower |
| 6:29 | Potion of Healing |
| 6:50 | Guard Tower |
| 7:08 | Holy Light |
| 7:45 | Boots of Speed |
| 7:46 | Staff of Teleportation |
| 8:34 | Divine Shield |
| 9:35 | Guard Tower |
| 9:36 | Castle |
| 9:37 | Scout Tower |
| 9:38 | Scout Tower |
| 9:38 | Scout Tower |
| 9:39 | Scout Tower |
| 9:39 | Scout Tower |
| 9:40 | Scout Tower |
| 9:41 | Scout Tower |
| 9:41 | Scout Tower |
| 9:42 | Scout Tower |
| 9:42 | Scout Tower |
| 9:43 | Scout Tower |
| 9:43 | Scout Tower |
| 10:05 | Guard Tower |
| 10:07 | Arcane Sanctum |
| 10:10 | Gryphon Aviary |
| 10:11 | Blacksmith |
| 10:13 | Barracks |
| 10:20 | Lesser Clarity Potion |
| 10:41 | Lesser Clarity Potion |
| 10:48 | Scroll of Regeneration |
| 11:34 | Acid Bomb |
| 11:40 | Holy Light |
| 11:55 | Town Hall |
| 12:00 | Scout Tower |
| 12:01 | Scout Tower |
| 12:01 | Scout Tower |
| 12:02 | Scout Tower |
| 12:02 | Scout Tower |
| 12:03 | Scout Tower |
| 12:03 | Scout Tower |
| 12:03 | Scout Tower |
| 12:04 | Scout Tower |
| 12:04 | Scout Tower |
| 12:07 | Staff of Sanctuary |
| 12:12 | Priest |
| 12:13 | Magic Sentry |
| 12:40 | Arcane Tower |
| 12:40 | Guard Tower |
| 13:35 | Guard Tower |
| 13:36 | Guard Tower |
| 13:37 | Guard Tower |
| 13:54 | Guard Tower |
| 13:58 | Scout Tower |
| 13:59 | Scout Tower |
| 14:00 | Scout Tower |
| 14:00 | Scout Tower |
| 14:01 | Scout Tower |
| 14:01 | Scout Tower |
| 14:01 | Scout Tower |
| 14:02 | Scout Tower |
| 14:02 | Scout Tower |
| 14:03 | Scout Tower |
| 14:04 | Scout Tower |
| 14:04 | Scout Tower |
| 14:04 | Scout Tower |
| 14:05 | Scout Tower |
| 14:05 | Scout Tower |
| 14:05 | Scout Tower |
| 14:09 | Improved Lumber Harvesting |
| 14:15 | Potion of Healing |
| 14:17 | Potion of Healing |
| 14:22 | Staff of Sanctuary |
| 14:35 | Scout Tower |
| 15:42 | Arcane Tower |
| 15:43 | Arcane Tower |
| 15:44 | Guard Tower |
| 15:44 | Guard Tower |
| 16:00 | Goblin Shredder |
| 16:11 | Potion of Healing |
| 16:16 | Potion of Healing |
| 16:17 | Potion of Healing |
| 16:59 | Guard Tower |
| 17:17 | Arcane Tower |
| 17:17 | Guard Tower |
| 17:31 | Guard Tower |
| 17:38 | Arcane Tower |
| 17:52 | Dragonhawk Rider |
| 18:29 | Sorceress |
| 18:29 | Sorceress Adept Training |
| 18:30 | Dragonhawk Rider |
| 18:31 | Dragonhawk Rider |
| 18:32 | Farm |
| 18:33 | Iron Forged Swords |
| 18:33 | Studded Leather Armor |
| 18:34 | Animal War Training |
| 18:40 | Guard Tower |
| 19:00 | Scout Tower |
| 19:00 | Scout Tower |
| 19:01 | Scout Tower |
| 19:05 | Scout Tower |
| 19:08 | Scout Tower |
| 19:08 | Scout Tower |
| 19:09 | Scout Tower |
| 20:00 | Sorceress Master Training |
| 20:04 | Steel Forged Swords |
| 20:05 | Dragonhawk Rider |
| 20:10 | Scout Tower |
| 20:11 | Scout Tower |
| 20:11 | Scout Tower |
| 20:12 | Scout Tower |
| 20:12 | Scout Tower |
| 20:13 | Scout Tower |
| 20:13 | Scout Tower |
| 20:14 | Scout Tower |
| 20:14 | Scout Tower |
| 20:17 | Guard Tower |
| 20:18 | Arcane Tower |
| 20:18 | Guard Tower |
| 20:19 | Arcane Tower |
| 20:27 | Guard Tower |
| 20:30 | Advanced Masonry |
| 20:53 | Scout Tower |
| 20:53 | Scout Tower |
| 20:55 | Scout Tower |
| 20:56 | Scout Tower |
| 20:57 | Scout Tower |
| 20:57 | Scout Tower |
| 20:58 | Scout Tower |
| 20:59 | Scout Tower |
| 21:00 | Scout Tower |
| 21:06 | Guard Tower |
| 21:31 | Guard Tower |
| 21:54 | Priest |
| 21:54 | Priest Adept Training |
| 21:56 | Imbued Masonry |
| 21:57 | Mithril Forged Swords |
| 21:57 | Reinforced Leather Armor |
| 22:08 | Guard Tower |
| 23:29 | Dragonhawk Rider |
| 23:35 | Guard Tower |
| 24:04 | Arcane Tower |
| 24:04 | Guard Tower |
| 24:08 | Scout Tower |
| 24:09 | Scout Tower |
| 24:09 | Scout Tower |
| 24:10 | Scout Tower |
| 24:11 | Scout Tower |
| 24:11 | Scout Tower |
| 24:12 | Scout Tower |
| 24:12 | Scout Tower |
| 24:13 | Scout Tower |
| 24:14 | Scout Tower |
| 24:14 | Scout Tower |
| 24:14 | Scout Tower |
| 24:16 | Scout Tower |
| 24:16 | Scout Tower |
| 24:17 | Scout Tower |
| 24:17 | Scout Tower |
| 24:19 | Scout Tower |
| 24:19 | Scout Tower |
| 24:20 | Scout Tower |
| 24:20 | Scout Tower |
| 25:07 | Guard Tower |
| 25:12 | Scout Tower |
| 25:13 | Scout Tower |
| 25:13 | Scout Tower |
| 25:14 | Scout Tower |
| 25:19 | Scout Tower |
| 25:20 | Scout Tower |
| 25:21 | Scout Tower |
| 25:21 | Scout Tower |
| 26:46 | Arcane Tower |
| 26:47 | Guard Tower |
| 26:47 | Guard Tower |
| 26:52 | Guard Tower |
| 27:31 | Guard Tower |
| 27:36 | Divine Shield |
| 28:11 | Staff of Teleportation |
| 28:37 | Chemical Rage |
| 28:52 | Dragonhawk Rider |
| 28:52 | Dragonhawk Rider |
| 28:52 | Dragonhawk Rider |
| 28:53 | Dragonhawk Rider |
| 28:54 | Dragonhide Armor |
| 29:09 | Guard Tower |
| 29:30 | Arcane Tower |
| 29:30 | Guard Tower |
| 29:39 | Scout Tower |
| 29:39 | Scout Tower |
| 29:40 | Scout Tower |
| 29:43 | Backpack |
| 30:45 | Guard Tower |
| 31:05 | Guard Tower |
| 31:09 | Scout Tower |
| 31:15 | Dragonhawk Rider |
| 31:48 | Guard Tower |
| 31:53 | Dragonhawk Rider |
| 33:31 | Guard Tower |
| 33:34 | Guard Tower |
| 36:36 | Transmute |
| 40:45 | Holy Light |
| 42:41 | Lesser Clarity Potion |
| 44:37 | Cloud |
| 45:05 | Priest Master Training |
| Right click | 4009 |
| Select | 1455 |
| Select group | 555 |
| Build/train/purchase | 352 |
| Chat | 211 |
| Use ability | 184 |
| Misc. action | 33 |
| Assign group | 31 |
| Item give/drop | 19 |